 Dungeon Crawl Stone Soup version 0.30-a0-782-ge64f9170bb (webtiles) character file.

Game seed: 5215368192604289776

57 mopl the Trooper (level 3, -2/29 HPs)
             Began as a Demonspawn Fighter on Mar 13, 2023.
             Splashed by a jelly's acid (8 damage)
             ... on level 2 of the Dungeon.
             The game lasted 00:00:59 (928 turns).

mopl the Trooper (Demonspawn Fighter)                Turns: 928, Time: 00:01:00

Health: -2/29      AC:  3    Str: 18    XL:     3   Next: 73%
Magic:  3/3        EV: 10    Int:  9    God:
Gold:   31         SH:  4    Dex: 12    Spells: 2/2 levels left

rFire   . . .      SeeInvis .    a - +0 war axe
rCold   . . .      Faith    .    c - +0 buckler
rNeg    . . .      Spirit   .    b - +0 scale mail
rPois   .          Reflect  .    (no helmet)
rElec   .          Harm     .    i - +0 cloak
rCorr   .          Rampage  .    (no gloves)
Will    .....                    (no boots) Stlth
                                 (no amulet)
HPRegen 0.24/turn                (no ring)
MPRegen 0.08/turn                (no ring)

@: corroded
A: claws 1, sturdy frame 1
a: no special abilities


You were on level 2 of the Dungeon.
You visited 1 branch of the dungeon, and saw 2 of its levels.

You collected 31 gold pieces.

Inventory:

Hand Weapons
 a - a +0 war axe (weapon)
Armour
 b - a +0 scale mail (worn)
 c - a +0 buckler (worn)
 i - a +0 cloak (worn)
Scrolls
 h - 3 scrolls of identify {unknown}
 l - a scroll of teleportation {unknown}
 m - a scroll of magic mapping {unknown}
Potions
 d - a potion of might
 e - a potion of haste {unknown}
 f - 2 potions of cancellation {unknown}
 g - a potion of curing {unknown}
 j - a potion of lignification {unknown}
 k - a potion of attraction {unknown}
 n - a potion of magic {unknown}
 o - a potion of heal wounds {unknown}


   Skills:
 + Level 3.4 Fighting
 * Level 2.7 Axes
 + Level 3.1 Armour
 + Level 1.1 Dodging
 - Level 2.6 Shields


You had 2 spell levels left.
You didn't know any spells.
Your spell library was empty.

Dungeon Overview and Level Annotations

Branches:
Dungeon (2/15)

Altars:

Shops:
D:1 [


Innate Abilities, Weirdness & Mutations

You have sharp fingernails.
Your movements are slightly less encumbered by armour. (ER -2)


Message History

You hit the endoplasm. x2; The endoplasm completely misses you.
The endoplasm closely misses you.
The endoplasm jiggles.
The endoplasm hits the fungus.
You block the endoplasm's attack.
The endoplasm hits you but does no damage.
The endoplasm freezes you.
You are frozen.
You hit the endoplasm but do no damage.
The endoplasm is almost dead.
You barely miss the endoplasm. x2; A nearby fungus withers and dies.
The endoplasm hits you but does no damage.
The endoplasm freezes you.
You are frozen.
The endoplasm freezes you.
You are frozen.
You are too injured to fight recklessly!
You are too injured to fight recklessly!
You are too injured to fight recklessly!
You are too injured to fight recklessly!
The endoplasm attacks as you move away! The endoplasm hits you.
The endoplasm attacks as you move away! The endoplasm closely misses you.
The endoplasm attacks as you move away!
The endoplasm hits you but does no damage.
You see here a +0 club.
You hit the endoplasm.
You kill the endoplasm!
You hit the endoplasm.
You kill the endoplasm!
The endoplasm freezes you.
You are frozen.
* * * LOW HITPOINT WARNING * * *
You hit the endoplasm.
You kill the endoplasm!
You slash the jelly!
Your claws burn!
* * * LOW HITPOINT WARNING * * *
The jelly is severely wounded.
The jelly hits you.
* * * LOW HITPOINT WARNING * * *
The acid corrodes you!
You are splashed with acid!
You die...

## #### .##....# ###
.<....# #######.##.....$#
.########....#.#@#PPP.PP#
#####.##.....#.#J#......#
......'......#'#J#..P.PP#
####..'))......#.#JJ....#
#..'.)......#J#JJ÷P.P#
#..##)......#J#..÷...#
#.####......##'÷.÷.PP#
#.# ##########......# #.#
#######


You could see a jelly and 3 endoplasms.

Vanquished Creatures
  A jelly (D:2)
  7 endoplasms
  A giant cockroach (D:1)
  5 goblins (D:1)
  A hobgoblin (D:1)
  7 kobolds
  A ball python (D:1)
  A bat (D:1)
  2 rats (D:1)
26 creatures vanquished.

Vanquished Creatures (others)
  2 fungi (D:2)
  2 toadstools (D:2)
4 creatures vanquished.

Grand Total: 30 creatures vanquished

Notes
Turn   | Place    | Note
-------+----------+-------------------------------------------
     0 | D:1      | mopl the Demonspawn Fighter began the quest for the Orb.
     0 | D:1      | Reached XP level 1. HP: 18/18 MP: 1/1
   181 | D:1      | Reached skill level 2 in Axes
   200 | D:1      | Gained mutation: You have sharp fingernails. [demonic
                  | ancestry]
   200 | D:1      | Reached XP level 2. HP: 15/24 MP: 2/2
   449 | D:1      | Found Qimujy's Antique Armour Boutique.
   916 | D:2      | Reached skill level 3 in Armour
   916 | D:2      | Reached skill level 1 in Dodging
   916 | D:2      | Gained mutation: Your movements are slightly less
                  | encumbered by armour. (ER -2) [demonic ancestry]
   916 | D:2      | Reached XP level 3. HP: 21/29 MP: 3/3
   928 | D:2      | Splashed by a jelly's acid

Illustrated notes

Levels and vault maps discovered:
D:1:      dpeg_arrival_castle, layout_basic, serial_shops, shop,
          chequers_hall_statues_y, st_stairs_2
D:2:      cheibrodos_fertilizer, layout_loops_ring

Skill      XL: |  1  2 |
---------------+-------+-----
Axes           | 2 |  2.7
Armour         | 3 |  3.1
Dodging        | 1 |  1.1
Fighting       | |  3.4
Shields        | |  2.6

Action                     || total
---------------------------++-------
  Melee: War axe           ||    50
 Armour: Scale mail        ||    30
  Dodge: Dodged            ||    28
  Block: Buckler           ||     8

Table legend: (Time is in decaauts)
 A = Elapsed time spent in this place.
 B = Non-inter-level travel time spent in this place.
 C = Inter-level travel time spent in this place.
 D = Time resting spent in this place.
 E = Time spent auto-exploring this place.
 F = Levels seen in this place.
 G = Mean time per level.
                   A        B        C        D        E       F      G
               +--------+--------+--------+--------+--------+-----+--------+
         Total |    954 |    871 |     83 |      0 |    716 |   2 |  477.0 |
       Dungeon |    954 |    871 |     83 |      0 |    716 |   2 |  477.0 |
               +--------+--------+--------+--------+--------+-----+--------+

Top non-repeatable levels by time:
     D:1: 884 daAuts
     D:2: 70 daAuts
